 Dungeon Crawl Stone Soup version 0.23.2-33-g5129a83184 (webtiles) character file.

Game seed: 2857840314268951202

323 Joat the Magician (level 6, -3/25 HPs)
             Began as a Spriggan Enchanter on July 3, 2019.
             Was an Initiate of Hepliaklqana.
             Slain by an orc
             ... wielding a +0 falchion
              (8 damage)
             ... on level 4 of the Dungeon.
             The game lasted 00:20:54 (4656 turns).

Joat the Magician (Spriggan Enchanter)              Turns: 4656, Time: 00:20:55

Health: -3/25      AC:  2    Str:  4    XL:     6   Next: 23%
Magic:  13/16      EV: 18    Int: 18    God:    Hepliaklqana [......]
Gold:   149        SH:  0    Dex: 19    Spells: 11/17 levels left

rFire    . . .     SeeInvis +   a - +2 dagger
rCold    . . .     Gourm    .   (shield restricted)
rNeg     . . .     Faith    .   b - +0 robe
rPois    +         Spirit   .   (helmet restricted)
rElec    .         Reflect  .   (no cloak)
rCorr    .         Harm     .   (gloves unavailable)
MR       +....                  (boots unavailable)
Stlth    +++.......             (no amulet)
HPRegen  0.08/turn              h - ring of poison resistance
MPRegen  0.15/turn              l - +2 ring of dexterity

@: very quick
A: very small, unfitting armour, reduced essence, see invisible, herbivore,
speed 3, slow metabolism 2
a: Recall Ancestor, Ancestor Identity, Renounce Religion


You were on level 4 of the Dungeon.
You worshipped Hepliaklqana.
Hepliaklqana was noncommittal.
You were not hungry.

You visited 1 branch of the dungeon, and saw 4 of its levels.

You collected 149 gold pieces.

Inventory:

Hand Weapons
 a - a +2 dagger (weapon)
Armour
 b - a +0 robe (worn)
Jewellery
 h - a ring of poison resistance (left hand)
 l - a +2 ring of dexterity (right hand)
Scrolls
 e - a scroll of magic mapping
 g - a scroll of teleportation
 i - a scroll of enchant armour
 k - 2 scrolls of remove curse
Potions
 c - a potion of berserk rage
 f - a potion of curing
 j - a potion of resistance
 m - 2 potions of heal wounds {unknown}
Comestibles
 d - 3 rations


   Skills:
 - Level 1.1 Short Blades
 - Level 3.0 Dodging
 - Level 4.4 Stealth
 - Level 6.4 Spellcasting
 - Level 4.0 Hexes
 + Level 3.0 Ice Magic


You had 11 spell levels left.
You knew the following spells:

 Your Spells              Type           Power        Failure   Level  Hunger
a - Ensorcelled Hibernat  Hex/Ice        ###...       4%          2    None
c - Confuse               Hex            ###.....     7%          3    ##.....
A - Corona                Hex            ###....      2%          1    None

Your spell library contained the following spells:

 Spells                   Type           Power        Failure   Level  Hunger
 Tukima's Dance           Hex            ###.....     7%          3    ##.....
 Dazzling Spray           Conj/Hex       ##....       16%         3    ##.....


Dungeon Overview and Level Annotations

Branches:
Dungeon (4/15)
 Temple: D:4-7

Altars:
Hepliaklqana

Annotations:
D:4 Menkaure


Innate Abilities, Weirdness & Mutations

You are very small and have problems with some larger weapons.
You are too small for most types of armour.
You have supernaturally acute eyesight. (SInv)
You are a herbivore.
You cover ground extremely quickly.
You need to consume almost no food.
Your life essence is reduced to manifest your ancestor. (-10% HP)


Message History

The orc priest looks drowsy...
The orc wizard closely misses something.
The orc hits something with a +0 falchion!
The helpless orc priest fails to defend itself.
You puncture the orc priest!
The orc priest is almost dead.
The orc wizard hits something but does no damage.
The orc priest invokes the aid of Beogh against you.
Pain shoots through your body!
You completely miss the orc priest.
The orc priest is almost dead.
The orc priest calls down the wrath of Beogh upon you.
Beogh smites you!
* * * LOW HITPOINT WARNING * * *
You hit the orc priest but do no damage.
The orc priest is almost dead.
The orc priest misses you.
The orc wizard casts a spell.
The orc wizard seems to speed up.
The orc hits you with a +0 falchion!
You die...

....o.o..# .... ##..####..
....###.<.......
................
...^..........#.
#.)............
##............. #
#.##........##### .#
......o@...#######.#
...#$.##o..........# #
##.)Ro.......#### ###
##.####..######....#####..
.o......## ##..........
##.###### #..........
###......†. ##....... #
#.......


You could see an orc priest, an orc wizard and an orc.

Vanquished Creatures
  4 wights (D:3)
  A hound (D:4)
  An orc wizard (D:4)
  2 adders
  A worm (D:4)
  A dart slug (D:2)
  A leopard gecko (D:1)
  3 orcs
  2 giant cockroaches
  3 hobgoblins
  2 quokkas
  5 bats
  A frilled lizard (D:2)
  3 goblins
  4 kobolds
  6 rats
40 creatures vanquished.

Vanquished Creatures (collateral kills)
  An orc wizard (D:3)
  An adder skeleton (D:4)
  2 orcs (D:4)
  A ball python (D:4)
  A giant cockroach (D:3)
  A hobgoblin (D:3)
7 creatures vanquished.

Vanquished Creatures (others)
  3 ancestors
3 creatures vanquished.

Grand Total: 50 creatures vanquished

Notes
Turn   | Place    | Note
-------+----------+-------------------------------------------
     0 | D:1      | Joat the Spriggan Enchanter began the quest for the Orb.
     0 | D:1      | Reached XP level 1. HP: 9/9 MP: 5/5
   251 | D:1      | Reached skill level 3 in Spellcasting
   600 | D:1      | Reached XP level 2. HP: 10/13 MP: 7/7
   604 | D:1      | Learned a level 2 spell: Ensorcelled Hibernation
  1818 | D:2      | Reached skill level 4 in Spellcasting
  1996 | D:2      | Found a hazy altar of Hepliaklqana.
  2002 | D:2      | Became a worshipper of Hepliaklqana the Forgotten
  2542 | D:3      | Noticed a wight
  2600 | D:2      | Reached XP level 3. HP: 10/14 MP: 1/10
  2987 | D:3      | Reached skill level 5 in Spellcasting
  3160 | D:3      | Reached XP level 4. HP: 6/18 MP: 7/12
  3633 | D:3      | Learned a level 3 spell: Confuse
  3643 | D:3      | Reached skill level 6 in Spellcasting
  3844 | D:3      | Reached XP level 5. HP: 21/21 MP: 14/14
  3864 | D:3      | Reached skill level 1 in Ice Magic
  4017 | D:3      | HP: 1/21 [orc wizard/magic dart (4)]
  4308 | D:4      | Noticed Menkaure
  4415 | D:4      | Reached XP level 6. HP: 25/25 MP: 8/16
  4656 | D:4      | Slain by an orc

Skill      XL: |  1  2  3  4  5  6 |
---------------+-------------------+-----
Spellcasting   | 3 4 5 6 |  6.4
Hexes          | 4 |  4.0
Ice Magic      | 2 3 |  3.0
Short Blades   | |  1.1
Dodging        | |  3.0
Stealth        | |  4.4

Action                   |  1- 3 |  4- 6 || total
-------------------------+-------+-------++-------
Melee: Spear             |   203 |       ||   203
       Dagger            |    39 |    68 ||   107
 Cast: Corona            |    20 |     1 ||    21
       Ensorcelled Hiber |     4 |     8 ||    12
       Confuse           |       |     3 ||     3
Invok: Recall Ancestor   |     3 |     4 ||     7
       Ancestor Identity |     1 |       ||     1
  Use: Scroll            |     8 |     1 ||     9
       Potion            |     4 |       ||     4
 Stab: Sleeping          |    13 |     5 ||    18
       Distracted        |     1 |     1 ||     2
       Confused          |       |     2 ||     2
  Eat: Ration            |       |     1 ||     1
Armor: Robe              |    16 |     8 ||    24
       Skin              |    10 |       ||    10
Dodge: Dodged            |   158 |    55 ||   213
